 Dungeon Crawl Stone Soup version 0.21.0-3-g78d12a8 (webtiles) character file.

669 Jatast the Digger (level 7, 0/40 HPs)
             Began as a Gargoyle Earth Elementalist on Jan 11, 2018.
             Was a Follower of Sif Muna.
             Killed from afar by Dowan (15 damage)
             ... with a stone arrow
             ... on level 3 of the Dungeon.
             The game lasted 00:12:07 (4139 turns).

Jatast the Digger (Gargoyle Earth Elementalist)     Turns: 4139, Time: 00:12:07

Health: 0/40       AC: 10    Str: 20    XL:     7   Next: 58%
Magic:  2/13       EV: 12    Int: 17    God:    Sif Muna [*.....]
Gold:   216        SH:  4    Dex: 10    Spells: 5/14 levels left

rFire    + . .     SeeInvis .   o - +5 war axe "Killer Klown's Bane" {chop, Fragile rPois rF+ Str+8}
rCold    . . .     Gourm    .   q - +0 buckler
rNeg     + . .     Faith    .   c - +0 robe
rPois    ∞         Spirit   .   h - +2 hat
rElec    +         Reflect  .   s - +0 cloak
rCorr    .         Harm     .   (no gloves)
MR       .....                  a - +0 pair of boots
Stlth    ++........             (no amulet)
HPRegen  0.13/turn              (no ring)
MPRegen  0.13/turn              (no ring)

@: very slightly contaminated, divine energy
A: negative energy resistance 1, electricity resistance, unbreathing,
petrification resistance, rot immunity, AC +4
a: Stop Divine Energy, Renounce Religion


You were on level 3 of the Dungeon.
You worshipped Sif Muna.
Sif Muna was aware of your devotion.
You were not hungry.

You visited 1 branch of the dungeon, and saw 4 of its levels.

You collected 216 gold pieces.

Inventory:

Hand Weapons
 l - a +2 dagger of venom
 o - the +5 war axe "Killer Klown's Bane" (weapon) {chop, Fragile rPois rF+ Str+8}
   (You found it on level 4 of the Dungeon)

   It inflicts extra damage upon your enemies.
   It affects your strength (+8).
   It protects you from fire.
   It protects you from poison.
   It will be destroyed if unequipped.
Missiles
 b - 105 stones (quivered)
Armour
 a - a +0 pair of boots (worn)
 c - a +0 robe (worn)
 h - a +2 hat (worn)
 i - a cursed +0 chain mail
 q - a +0 buckler (worn)
 s - a +0 cloak (worn)
Wands
 p - a wand of disintegration (13)
 v - a wand of scattershot (4)
Scrolls
 f - 2 scrolls of identify
 k - 2 scrolls of remove curse
 n - a scroll of immolation
Potions
 g - a potion of lignification
 j - 2 potions of haste
 t - a potion of curing
 u - 2 potions of flight
Books
 e - a book of Geomancy

   Spells                             Type                      Level
   a - Sandblast                      Earth                        1
   b - Passwall                       Transmutation/Earth          2
   c - Stone Arrow                    Conjuration/Earth            3
   d - Petrify                        Transmutation/Earth          4
   e - Lee's Rapid Deconstruction     Earth                        5
 m - a book of Frost

   Spells                             Type                      Level
   a - Freeze                         Ice                          1
   b - Throw Frost                    Conjuration/Ice              2
   c - Ozocubu's Armour               Charms/Ice                   3
   d - Throw Icicle                   Conjuration/Ice              4
   e - Summon Ice Beast               Ice/Summoning                4
Comestibles
 d - 8 rations


   Skills:
 + Level 2.2 Fighting
 - Level 1.5 Dodging
 - Level 2.1 Stealth
 - Level 4.1 Shields
 + Level 4.0 Spellcasting
 + Level 3.3 Conjurations
   Level 0.7 Transmutations
 + Level 5.9 Earth Magic


You had 5 spell levels left.
You knew the following spells:

 Your Spells              Type           Power        Failure   Level  Hunger
a - Sandblast             Erth           ###...       1%          1    None
b - Stone Arrow           Conj/Erth      ###...       7%          3    ###....
c - Lee's Rapid Deconstr  Erth           ###.......   36%         5    ######.


Dungeon Overview and Level Annotations

Branches:
Dungeon (4/15)
 Temple: D:4-7

Altars:
Okawaru
Sif Muna

Annotations:
D:3 Dowan
D:4 Eustachio


Innate Abilities, Weirdness & Mutations

You are resistant to torment.
Your stone body is resilient. (AC +4)
You are immune to poison.
You resist negative energy. (rN+)
You are resistant to electric shocks. (rElec)
You can survive without breathing.
You are immune to petrification.
You are immune to rotting.


Message History

The stone arrow hits you!
Things that are here:
an enchanted short sword; a leather armour; the elf corpse of Duvessa Dowan casts a spell at you.
The shard of ice hits you!
* * * LOW HITPOINT WARNING * * *
There is a stone staircase leading up here.
You are too injured to fight recklessly!
You feel better.
Dowan says, "How can I live without her?"
Dowan hits you but does no damage.
You hit Dowan.
Dowan is lightly wounded.
Dowan hits you but does no damage. You block Dowan's attack.
Dowan closely misses you.
You closely miss Dowan.
Dowan is lightly wounded.
Dowan points at you and mumbles some strange words.
The stone arrow hits you!
You die...

#..........###......
##..........###..>...
#............##......
#..####......##.....#
#...................#
#..###...........##.#
#................##.#
#................#...
#####...@e....###....#...
#...............+........
#####...#.....###........
#...#.....)..........
#...#...#.##.........
#####...#...#.##.#..#....
#................#.......
#........................
#.............##.........


You could see Dowan.

Vanquished Creatures
  Duvessa (D:3)
  Purgy (D:4)
  An ogre (D:4)
  An orc priest (D:4)
  A hound (D:4)
  A gnoll shaman (D:4)
  2 iguanas (D:4)
  2 orc wizards (D:4)
  A worker ant (D:4)
  A hound skeleton (D:4)
  Robin (D:4)
  3 gnolls (D:4)
  2 adders (D:3)
  An ooze (D:4)
  A worm (D:4)
  3 dart slugs
  5 leopard geckos
  6 orcs
  2 ball pythons
  4 giant cockroaches
  27 goblins
  5 hobgoblins
  8 kobolds
  9 bats
  3 frilled lizards
  5 rats
97 creatures vanquished.

Notes
Turn   | Place    | Note
-------+----------+-------------------------------------------
     0 | D:1      | Jatast the Gargoyle Earth Elementalist began the quest for the Orb.
     0 | D:1      | Reached XP level 1. HP: 10/10 MP: 3/3
    96 | D:1      | Reached XP level 2. HP: 13/15 MP: 3/5
   163 | D:1      | Reached skill level 4 in Earth Magic
   823 | D:2      | Reached XP level 3. HP: 18/19 MP: 6/6
  1130 | D:2      | Learned a level 3 spell: Stone Arrow
  1463 | D:3      | Reached skill level 1 in Shields
  1551 | D:3      | Reached XP level 4. HP: 18/24 MP: 8/8
  1723 | D:3      | Found a deep blue altar of Sif Muna.
  1724 | D:3      | Found an iron altar of Okawaru.
  1733 | D:3      | Became a worshipper of Sif Muna the Loreminder
  2408 | D:4      | Reached XP level 5. HP: 28/28 MP: 6/9
  2594 | D:4      | Reached skill level 1 in Conjurations
  2630 | D:4      | Noticed Robin
  2631 | D:4      | Noticed Purgy
  2678 | D:4      | Killed Robin
  2678 | D:4      | Reached XP level 6. HP: 28/32 MP: 10/10
  2816 | D:4      | Killed Purgy
  2816 | D:4      | Reached skill level 5 in Earth Magic
  2911 | D:4      | Learned a level 5 spell: Lee's Rapid Deconstruction
  2938 | D:4      | Reached * piety under Sif Muna
  3202 | D:4      | Reached skill level 1 in Fighting
  3278 | D:4      | Reached XP level 7. HP: 28/38 MP: 8/12
  3396 | D:4      | Noticed Dowan
  3422 | D:4      | Noticed Eustachio
  3657 | D:4      | Noticed Duvessa
  3726 | D:4      | Got a shimmering war axe
  3814 | D:3      | Identified the +5 war axe "Killer Klown's Bane" {chop, Fragile rPois rF+ Str+8} (You found it on level 4 of the Dungeon)
  4129 | D:3      | Killed Duvessa
  4139 | D:3      | Killed from afar by Dowan

Skill      XL: |  1  2  3  4  5  6  7 |
---------------+----------------------+-----
Earth Magic    | 4 5 |  5.9
Shields        | 1 3 4 |  4.1
Spellcasting   | 3 4 |  4.0
Conjurations   | 1 2 3 |  3.3
Fighting       | 1 2 |  2.2
Dodging        | |  1.5
Stealth        | |  2.1
Transmutations | |  0.7

Action                   |  1- 3 |  4- 6 |  7- 9 || total
-------------------------+-------+-------+-------++-------
Melee: Dagger            |    82 |   172 |    11 ||   265
       War axe           |       |       |     3 ||     3
 Cast: Sandblast         |     5 |    15 |    19 ||    39
       Stone Arrow       |       |     1 |       ||     1
Invok: Divine Energy     |       |     1 |       ||     1
Evoke: Wand              |       |       |     5 ||     5
  Use: Scroll            |       |    10 |       ||    10
       Potion            |       |       |     1 ||     1
 Stab: Sleeping          |     4 |     7 |     1 ||    12
  Eat: Chunk             |     2 |     6 |       ||     8
       Ration            |       |       |     1 ||     1
Armor: Robe              |    36 |    49 |     6 ||    91
Dodge: Dodged            |    49 |    83 |    15 ||   147
Block: Buckler           |     5 |    27 |     6 ||    38
